 Dungeon Crawl Stone Soup version 0.15.0-18-g9076a4f (webtiles) character file.

1683053 Aneto the Slayer (level 27, 196/196 HPs)
             Began as a Gargoyle Fighter on Aug 31, 2014.
             Was a Favourite Plaything of Xom.
             Escaped with the Orb
             ... and 3 runes on Sept 6, 2014!
             The game lasted 10:53:30 (70068 turns).

Aneto the Slayer (Gargoyle Fighter)                Turns: 70068, Time: 10:53:31

HP 196/196       AC 58     Str 40      XL: 27
MP  25/25        EV 34     Int 13      God: Xom
Gold 6770        SH 31     Dex 23      Spells:  0 memorised, 26 levels left

rFire  + + .     SeeInvis +     Q - +9 eveningstar (freeze)
rCold  + + +     Rnd*Rage +     V - +8 chain mail "Duef" {Dex+5}
rNeg   + + .     rCorr    .     E - +3 large shield
rPois  +         rRot     +     o - +1 helmet {Int+3}
rElec  +         Spirit   .     c - +2 cloak {+Inv}
SustAb .         Warding  +     v - +2 pair of gloves {Str+3}
rMut   .         Stasis   .     X - +0 pair of boots {run}
Gourm  .                        G - macabre finger necklace {Ward rN+}
MR     +++++                    K - ring "Lokkedgh" {rC+ Str+2 Dex+5}
                                O - cursed ring "Rerulyedgh" {Contam rF+ rC++ MR++ SInv}
                                t - ring of protection from fire

@: mighty, flying, quick, almost entirely resistant to hostile enchantments,
extremely unstealthy
A: able to fly continuously, big wings, hooves 1, repulsion field 1, thin
metallic scales 1, see invisible, berserk 1, high mp 1, magic resistance 3,
negative energy resistance 1, sense surroundings 2, regeneration 2, shaggy fur
2, electricity resistance, spit poison 1, strong 1, unbreathing, petrification
resistance, rot immunity, forlorn, AC +20
a: Spit Poison, Stop Flying, Renounce Religion, Evoke Invisibility
0: Orb of Zot
}: 3/15 runes: serpentine, barnacled, silver


You escaped.
You worshipped Xom.
You were a toy of Xom.
You were not hungry.

You visited 12 branches of the dungeon, and saw 56 of its levels.
You visited the Abyss 1 time.
You visited 1 bazaar.

You collected 8987 gold pieces.
You spent 2171 gold pieces at shops.

Inventory:

Hand weapons
 m - a +3 morningstar of holy wrath
 Q - a +9 eveningstar of freezing (weapon)
Armour
 c - a +2 cloak of darkness (worn)
 o - a +1 helmet of intelligence (worn)
 v - a +2 pair of gloves of strength (worn)
 E - a +3 large shield (worn)
 V - the +8 chain mail "Duef" (worn) {Dex+5}
   (You found it on level 5 of the Vaults)

   It affects your dexterity (+5).
 X - a +0 pair of boots of running (worn)
Magical devices
 p - a wand of digging (10)
 B - a wand of polymorph (9)
Comestibles
 d - 15 bread rations
 s - 17 royal jellies
 z - 17 meat rations
 R - 17 beef jerkies
Scrolls
 f - 27 scrolls of remove curse
 i - 9 scrolls of enchant armour
 k - 24 scrolls of teleportation
 l - 2 scrolls of silence
 A - 7 scrolls of blinking
 C - 18 scrolls of identify
 H - a scroll of brand weapon
 L - 7 scrolls of recharging
 N - 5 scrolls of vulnerability
 P - 3 scrolls of enchant weapon
 S - a scroll of amnesia
 T - 2 scrolls of holy word
 U - 10 scrolls of magic mapping
 Z - 5 scrolls of fear
Jewellery
 a - a cursed ring of teleportation
 q - the amulet of Irchulofo {Stasis rElec}
   (You took it off a tengu reaver on level 5 of the Vaults)

   [amulet of stasis]

   It prevents you from being teleported, slowed, hasted or paralysed.
   It insulates you from electricity.
 t - a ring of protection from fire (on amulet)
 x - an uncursed amulet of resist mutation
 y - an uncursed ring of positive energy
 F - an uncursed ring of regeneration
 G - the macabre finger necklace (around neck) {Ward rN+}
   (You found it on level 11 of the Dungeon)

   [amulet of warding]

   It may prevent the melee attacks of summoned creatures.
   It protects you from negative energy.
 J - the amulet "Qirifrik" {Clar Int+5}
   (You found it on level 5 of the Vaults)

   [amulet of clarity]

   It provides mental clarity.
   It affects your intelligence (+5).
 K - the ring "Lokkedgh" (right hand) {rC+ Str+2 Dex+5}
   (You took it off a centaur on level 7 of the Dungeon)

   [ring of protection from cold]

   It affects your strength (+2).
   It affects your dexterity (+5).
   It protects you from cold.
 O - the cursed ring "Rerulyedgh" (left hand) {Contam rF+ rC++ MR++ SInv}
   (You took it off a yaktaur on level 5 of the Vaults)

   [ring of protection from fire]

   It protects you from fire.
   It greatly protects you from cold.
   It affects your resistance to hostile enchantments.
   It enhances your eyesight.
   It causes magical contamination when unequipped.
   It has a curse placed upon it.
 W - an uncursed amulet of resist corrosion
Potions
 b - 5 potions of haste
 e - 3 potions of cancellation
 g - 9 potions of heal wounds
 h - 7 potions of invisibility
 j - 10 potions of curing
 n - 8 potions of might
 r - 4 potions of magic
 u - 3 potions of agility
 D - 2 potions of brilliance
 I - a potion of resistance
 M - 9 potions of restore abilities
Books
 w - a book of Battle

   Spells                             Type                      Level
   Infusion                           Charms                       1
   Shroud of Golubria                 Charms/Translocation         2
   Song of Slaying                    Charms                       2
   Spectral Weapon                    Hexes/Charms                 3
   Regeneration                       Charms/Necromancy            3


   Skills:
 + Level 26.0 Fighting
 - Level 20.0 Maces & Flails
 - Level 16.0 Armour
 - Level 23.0 Dodging
 - Level 22.0 Shields


You had 26 spell levels left.
You didn't know any spells.

Dungeon Overview and Level Annotations

Branches:
Dungeon (15/15)            Temple (1/1) D:4             Orc (4/4) D:9
    Elf (1/3) Orc:3          Lair (8/8) D:11         Shoals (5/5) Lair:6
  Snake (5/5) Lair:5        Slime (1/6) Lair:8       Vaults (5/5) D:13
 Depths (5/5) D:15           Hell (1/1)                 Zot (5/5) Depths:5
  Crypt: Vaults:2-3     Dis: Hell:1         Geh: Hell:1         Coc: Hell:1
    Tar: Hell:1

Altars:
Ashenzari
Cheibriados
Dithmenos
Elyvilon
Fedhas
Kikubaaqudgha
Makhleb
Nemelex Xobeh
Okawaru
Qazlal
Sif Muna
Trog
Vehumet
Xom
Yredelemnul
Zin
The Shining One
Beogh
Jiyva

Shops:
D:6 =   D:9 (   D:10 =   D:15 }   Orc:2 }:*?(   Orc:4 *([   Vaults:3 =:*
Vaults:4 *   Depths:1 *

Portals:
Hell: Depths:1 Depths:2 Depths:3 Depths:4 Depths:5
Abyss: Depths:2 Depths:4
Pandemonium: Depths:3
Ziggurat: Depths:2
Trove: D:11 (give +3 gold dragon armour)

Annotations:
Lair:2 exclusion: oklob plant
Shoals:2 exclusion: Roxanne, Roxanne
Vaults:3 exclusion: curse skull
Depths:3 exclusion: orange crystal statue
Hell Geryon, Murray


Innate Abilities, Weirdness & Mutations

You are resistant to torment.
You are immune to poison.
You can fly continuously.
Your stone body is very resilient (AC +20).
Your wings are large and strong.
You resist negative energy.
You are resistant to electric shocks.
You can survive without breathing.
You are immune to petrification.
You are immune to rotting.
You have large cloven feet.
You are surrounded by a mild repulsion field (EV +2).
You are partially covered in thin metallic scales (AC +2).
You have supernaturally acute eyesight.
You tend to lose your temper in combat.
You have an increased reservoir of magic (+10% MP).
You are extremely resistant to the effects of hostile enchantments.
You passively map the area around you.
You heal very quickly.
You are covered in thick fur (AC +2).
You can spit poison.
Your muscles are strong. (Str +2)
You have difficulty communicating with the divine.


Message History

The iron devil screeches!
The iron devil completely misses you. You block the iron devil's attack.
You thump the iron devil! You freeze the iron devil.
The iron devil is moderately wounded.
You block the iron devil's attack. x2
You barely miss the iron devil.
The iron devil is moderately wounded.
You block the iron devil's attack. x2
The iron devil barely misses you. You block the iron devil's attack.
There is an escape hatch in the ceiling here.
You skewer the iron devil like a kebab!!!
You freeze the iron devil.
You kill the iron devil!
There is a stone staircase leading up here.
You fly upwards.
You sense a powerful magical force warping space.
There is a stone staircase leading down here.
There is a staircase leading out of the dungeon here.
You can't go down here!
You have escaped!

#.#...........#.#........
##########.....#.#.....#####....#
........#......#.#......#........
#########......#.#......####....#
##### #....#.#.#.#....##.......
....## #...##.#.#.##...#..%.....
###..####.....⌠#.#⌠.....#........
##....#..#####.#####..#.##....#
##.....))....@.........##....#
##.[.#..#####.#####..####....#
###..#.#.....⌠#.#⌠.....# ##.###
##...####%..##.#.#)##...# #.##.
#..#### #....#.#.#.#....# #.#..
......###......#.#......#####....
........#......#.#......#........
......#.##.....#.#.....##........
........#.#...........#.#####....


There were no monsters in sight!

Vanquished Creatures
  An orb of fire (Zot:5)
  4 ancient liches
  2 curse toes
  Sojobo (Vaults:5)
  Margery (Depths:5)
  2 Killer Klowns (Zot:5)
  9 golden dragons
  Jory (Depths:5)
  2 bone dragons
  Nikola (Snake:1)
  3 electric golems
  13 tentacled monstrosities
  Asterion (Shoals:2)
  20 Orb Guardians
  Vashnia (Snake:2)
  2 octopode crushers
  2 quicksilver dragons
  13 titans
  2 liches
  Polyphemus (Shoals:4)
  A kraken (Shoals:3)
  Rupert (Lair:8)
  5 shadow dragons
  Agnes (Snake:2)
  Frances (Shoals:2)
  Kirke (D:15)
  10 tengu reavers
  Ilsuiw (Shoals:5)
  4 draconian monks
  9 fire giants
  2 ghost moths (Zot:2)
  Maud (Depths:3)
  17 vault wardens
  2 deep elf sorcerers
  3 draconian scorchers
  11 frost giants
  7 greater nagas (Snake:5)
  21 storm dragons
  An iron dragon (shapeshifter) (Zot:2)
  3 orc warlords
  5 emperor scorpions
  2 iron dragons (Depths:5)
  2 draconian zealots
  3 draconian knights
  Gastronok (D:10)
  3 draconian annihilators
  2 draconian shifters
  A spriggan defender (Depths:5)
  A reaper (Zot:4)
  17 stone giants
  3 war gargoyles
  5 draconian callers
  16 very ugly things
  4 green draconians
  2 deep elf annihilators
  6 grey draconians
  5 red draconians
  3 dire elephants
  7 white draconians
  5 yellow draconians
  A mottled draconian (Zot:1)
  2 purple draconians
  2 black draconians (Zot:2)
  2 pale draconians
  4 merfolk javelineers (Shoals:5)
  14 ettins
  Snorg (Lair:3)
  35 vault guards
  A crystal guardian (Vaults:4)
  19 yaktaur captains
  A minotaur (shapeshifter) (Vaults:4)
  13 merfolk impalers
  2 deep elf death magi
  A green death (Zot:2)
  16 fire dragons
  4 great orbs of eyes
  An eidolon (Depths:3)
  A rakshasa (Depths:1)
  4 minotaurs
  Fannar (D:10)
  2 deep elf high priests
  4 death cobs
  18 ironheart preservers
  12 ice dragons
  2 ravenous item mimics (Vaults:5)
  17 naga warriors
  A spriggan air mage (Depths:4)
  Nessos (Shoals:2)
  21 centaur warriors
  9 hydras
  4 merfolk aquamancers
  8 sirens
  12 anacondas
  A thrashing horror (Abyss:1)
  25 death yaks
  10 deep troll earth magi
  A tengu warrior (D:15)
  A satyr (Shoals:5)
  16 ogre magi
  6 deep troll shamans
  6 dancing weapons
  2 sun demons
  19 naga sharpshooters
  Urug (Orc:2)
  2 soul eaters
  6 shock serpents
  Nergalle (Lair:1)
  3 hell knights (Depths:5)
  2 catoblepae
  5 deep elf knights
  A death drake (Depths:5)
  A hell beast (Depths:5)
  14 skeletal warriors
  An unseen horror (shapeshifter) (D:12)
  4 salamander mystics
  A shadow wraith (Depths:3)
  A lindwurm (shapeshifter) (Vaults:5)
  6 unseen horrors
  34 deep trolls
  An ice devil (Depths:4)
  5 flayed ghosts
  2 spectral hydras (Depths:3)
  11 naga ritualists
  20 sea snakes
  18 harpies
  5 large abominations
  2 spectral anacondas (Depths:3)
  2 deep elf summoners
  15 mana vipers
  6 wizards
  A spectral minotaur (Depths:3)
  Pikel (D:8)
  14 hill giants
  7 giant orange brains
  17 orc knights
  A harpy (shapeshifter) (D:15)
  19 ironbrand convokers
  A mana viper (shapeshifter) (Shoals:2)
  6 necromancers
  2 sixfirhies
  6 deep elf conjurers
  48 ugly things
  3 wolf spiders
  5 orc sorcerers
  A moth of wrath (shapeshifter) (Vaults:4)
  4 phantasmal warriors
  15 griffons
  22 manticores
  12 water nymphs
  16 salamanders
  7 mermaids
  27 black mambas
  16 moths of wrath
  3 centaur zombies
  Maurice (Orc:2)
  An item mimic (D:14)
  A drowned soul (Shoals:3)
  A black mamba (shapeshifter) (Vaults:5)
  A stone giant skeleton (Vaults:1)
  2 fauns
  22 elephants
  18 vault sentinels
  7 cyclopes
  A tormentor (Zot:4)
  7 guardian serpents
  3 orange demons
  A torpor snail (Depths:2)
  An orange crystal statue (Depths:3)
  An apocalypse crab (Abyss:1)
  An iron devil (D:2)
  2 feature mimics
  A kobold demonologist (Vaults:3)
  A smoke demon (Depths:5)
  A spiny frog (shapeshifter) (D:11)
  23 naga magi
  2 anaconda simulacra (Depths:3)
  17 spiny frogs
  A grey draconian zombie (Zot:2)
  A yaktaur (shapeshifter) (Vaults:2)
  4 hellwings
  3 efreet
  10 komodo dragons
  51 yaktaurs
  2 spectral merfolk (Depths:3)
  4 deep elf priests
  An elf (shapeshifter) (Depths:5)
  A wandering mushroom (Zot:2)
  4 fire drakes
  2 spriggan skeletons (Depths:1)
  3 tengu conjurers
  10 blink frogs
  47 merfolk
  A blue devil (Depths:3)
  A demonic crawler (Depths:5)
  2 giant leeches (Shoals:5)
  A hydra skeleton (D:15)
  11 freezing wraiths
  A raiju (shapeshifter) (Vaults:3)
  8 trolls
  3 wind drakes
  Prince Ribbit (D:7)
  24 two-headed ogres
  A jumping spider (Vaults:4)
  A queen bee (shapeshifter) (Vaults:5)
  A stone giant simulacrum (Vaults:1)
  A blink frog (shapeshifter) (Vaults:3)
  9 snapping turtles
  9 polar bears
  6 raiju
  7 ravens
  16 slime creatures
  3 vampires
  A raven (shapeshifter) (Vaults:2)
  3 air elementals
  7 basilisks
  A slime creature (shapeshifter) (Vaults:5)
  11 boulder beetles
  A spriggan zombie (Depths:1)
  A wolf spider simulacrum (Vaults:1)
  A red wasp zombie (D:15)
  A fire dragon skeleton (Abyss:1)
  A spriggan (D:8)
  6 wyverns
  A trapdoor spider (shapeshifter) (Vaults:3)
  A griffon skeleton (D:10)
  4 trapdoor spiders
  2 human skeletons (Vaults:1)
  A yak (shapeshifter) (Vaults:4)
  14 hogs
  2 tarantellas
  16 redbacks
  19 water elementals
  46 yaks
  A ynoxinul (Abyss:1)
  16 wraiths
  7 deep elf magi
  2 hill giant zombies
  6 deep elf fighters
  6 shadows
  20 humans (D:13)
  A steam dragon (Lair:6)
  A neqoxec (Abyss:1)
  14 hippogriffs
  2 hydra simulacra
  3 hungry ghosts
  23 wargs
  60 nagas
  24 wolves
  A hippogriff (shapeshifter) (Depths:3)
  60 orc warriors
  9 hell hounds
  10 porcupines
  8 vampire mosquitoes
  4 chaos spawn
  2 soldier ants
  A spatial vortex (Vaults:1)
  16 small abominations
  A minotaur simulacrum (Depths:3)
  2 mottled dragons
  25 water moccasins
  3 spectral trolls (Depths:3)
  5 sky beasts
  An ice dragon simulacrum (Depths:1)
  59 ogres
  2 human simulacra
  8 ice beasts
  2 swamp drakes
  A boring beetle (shapeshifter) (Vaults:2)
  29 centaurs
  9 black bears
  An orc skeleton (D:12)
  A sky beast (shapeshifter) (D:13)
  13 crocodiles
  The ghost of ymmaz the Skirmisher, an average GrFi (D:3)
  Duvessa (D:7)
  20 giant frogs
  A boring beetle (Lair:7)
  A glowing shapeshifter simulacrum (Vaults:1)
  2 big kobolds (D:10)
  Blork the orc (D:8)
  A merfolk simulacrum (Depths:3)
  6 scorpions
  A boulder beetle zombie (Vaults:4)
  A yak zombie (D:11)
  A cyclops skeleton (D:10)
  An eye of draining (D:13)
  4 killer bees
  A spectral ogre (Depths:3)
  A troll zombie (D:8)
  7 wights
  A troll skeleton (D:12)
  6 electric eels
  Dowan (D:7)
  A goliath beetle (shapeshifter) (Vaults:4)
  A spectral centaur (Depths:3)
  A goliath beetle (D:9)
  17 quasits
  An elf zombie (Vaults:1)
  16 crimson imps
  A yellow wasp zombie (D:11)
  26 hounds
  8 jellies
  A gnoll shaman (D:9)
  24 orc priests
  6 centaur skeletons
  A giant frog skeleton (D:7)
  4 iron imps
  45 orc wizards
  12 worker ants
  5 iguanas
  A centaur simulacrum (Depths:3)
  17 sheep
  Jessica (D:3)
  A mottled dragon skeleton (D:13)
  An ogre skeleton (Vaults:4)
  Terence (D:2)
  A hound zombie (Orc:4)
  13 adders
  16 gnolls
  55 green rats
  A scorpion zombie (D:6)
  11 shadow imps
  3 giant mites
  An inept item mimic (D:2)
  A goliath beetle zombie (D:6)
  7 white imps
  3 worms
  7 ufetubi
  5 giant geckos
  5 oozes
  214 orcs
  3 ball pythons (D:3)
  8 giant cockroaches
  24 goblins
  16 hobgoblins
  17 jackals
  19 quokkas
  15 bats
  A giant cockroach zombie (D:6)
  A giant gecko skeleton (D:5)
  2 giant newts
  A giant spore (D:13)
  A goblin zombie (D:5)
  A hobgoblin skeleton (D:8)
  29 kobolds
  A kobold zombie (D:5)
  8 orc zombies
  14 rats
  2 spectral orcs (Lair:1)
  12 ballistomycetes
  6 plants
  3 tentacles (Shoals:3)
2768 creatures vanquished.

Vanquished Creatures (collateral kills)
  A titan (Zot:2)
  An emperor scorpion (Depths:1)
  A mottled draconian (Depths:5)
  A deep elf death mage (Vaults:3)
  A vault guard (Vaults:4)
  A fire dragon (D:14)
  2 hydras
  A naga warrior (Snake:5)
  An ogre mage (Vaults:3)
  A death yak (Lair:5)
  A naga sharpshooter (Snake:1)
  A skeletal warrior (Depths:3)
  An ironbrand convoker (Vaults:5)
  2 sea snakes
  A mana viper (Snake:4)
  A griffon (Lair:8)
  A phantasmal warrior (Vaults:5)
  A water nymph (Shoals:3)
  A mermaid (Shoals:5)
  3 elephants
  A guardian serpent (Snake:5)
  A spiny frog (Lair:8)
  A naga mage (Snake:4)
  3 yaktaurs (Vaults:3)
  A blink frog (Lair:2)
  A raiju (Depths:3)
  A two-headed ogre (Vaults:3)
  4 yaks
  5 nagas
  A swamp drake (Depths:5)
  4 ogres
  A giant frog (Lair:2)
  2 crimson imps
  A quasit (Zot:2)
  4 jellies (D:9)
  An iron imp (Zot:2)
  4 green rats (Lair:2)
  3 white imps (Zot:2)
  3 ufetubi (Vaults:3)
  6 oozes (D:9)
  A spectral orc (Lair:1)
  A fungus (D:9)
  A plant (Lair:8)
75 creatures vanquished.

Vanquished Creatures (others)
  A tengu reaver (Vaults:5)
  Aizul (Snake:1)
  A hydra (Lair:1)
  6 dancing weapons
  An ice devil (Zot:2)
  A sun demon (Lair:1)
  A sea snake (Snake:5)
  A salamander (Snake:3)
  A sixfirhy (Lair:8)
  5 drowned souls
  2 yaktaurs (Vaults:4)
  A freezing wraith (Vaults:4)
  A spectral orc (Lair:1)
  3 centaurs
  A hungry ghost (D:13)
  A hell beast (Zot:5)
  A hippogriff (Lair:5)
  An orc warrior (Vaults:1)
  3 ogres
  3 slaves (D:8)
  2 lost souls
  A swamp drake (Depths:5)
  3 killer bees (D:7)
  10 crimson imps
  10 iron imps
  A hound (D:8)
  An orc priest (D:7)
  11 quasits
  A worker ant (Depths:1)
  18 white imps
  11 shadow imps
  15 ufetubi
  4 orcs
  4 giant spores
  A ballistomycete (D:11)
  A bush (Lair:2)
  13 fungi
  15 plants
  4 tentacles (Shoals:3)
  82 tentacle segments (Shoals:3)
244 creatures vanquished.

Grand Total: 3087 creatures vanquished

Notes
Turn   | Place    | Note
--------------------------------------------------------------
     0 | D:1      | Aneto, the Gargoyle Fighter, began the quest for the Orb.
     0 | D:1      | Reached XP level 1. HP: 14/14 MP: 1/1
    80 | D:1      | Reached XP level 2. HP: 14/19 MP: 2/2
   495 | D:2      | Reached XP level 3. HP: 23/23 MP: 3/3
  1053 | D:2      | Noticed Terence
  1058 | D:2      | Reached skill level 4 in Maces & Flails
  1061 | D:2      | Killed Terence
  1061 | D:2      | Reached XP level 4. HP: 28/28 MP: 4/4
  1465 | D:3      | Noticed Jessica
  1480 | D:3      | Killed Jessica
  1480 | D:3      | Reached skill level 5 in Maces & Flails
  1480 | D:3      | Reached XP level 5. HP: 16/32 MP: 5/5
  1756 | D:3      | Noticed ymmaz's ghost (average GrFi)
  2263 | D:3      | Killed ymmaz's ghost
  2263 | D:3      | Reached skill level 6 in Maces & Flails
  2263 | D:3      | Reached XP level 6. HP: 27/37 MP: 6/6
  2441 | D:3      | Found a radiant altar of Vehumet.
  3023 | D:4      | Found a staircase to the Ecumenical Temple.
  3033 | Temple   | Entered the Ecumenical Temple
  3125 | Temple   | Became a worshipper of Xom of Chaos
  3128 | Temple   | XOM: silly message
  3225 | D:4      | XOM: divination: magic mapping
  3301 | D:4      | XOM: god gift: 18 poisoned sling bullets
  3431 | D:4      | Found a blossoming altar of Fedhas.
  3449 | D:4      | Reached skill level 7 in Maces & Flails
  3591 | D:4      | Got a transparent helmet
  3603 | D:4      | Identified the cursed +1 helmet of the Rose {Stlth--} (You found it on level 4 of the Dungeon)
  3743 | D:4      | XOM is BORED!
  3743 | D:4      | XOM: mild Conj miscast
  3758 | D:4      | Reached XP level 7. HP: 41/41 MP: 7/7
  3978 | D:5      | Entered Level 5 of the Dungeon
  4030 | D:5      | XOM: scenery: 1 doors open
  4042 | D:5      | Got an ancient cloak
  4048 | D:5      | Identified the +0 cloak "Gamud" {Int-5} (You found it on level 5 of the Dungeon)
  4667 | D:5      | XOM: harmless Divn miscast
  4699 | D:5      | Reached skill level 8 in Maces & Flails
  4911 | D:6      | XOM: enchant monster (good)
  4950 | D:6      | Found Wiek's Jewellery Shoppe.
  4959 | D:6      | XOM: 3-stop teleportation journey
  4961 | D:6      | XOM: confuse monster(s)
  4971 | D:6      | XOM: swap monsters
  5042 | D:6      | Found a glowing silver altar of Zin.
  5056 | D:6      | Reached skill level 9 in Maces & Flails
  5056 | D:6      | Reached XP level 8. HP: 46/46 MP: 8/8
  5489 | D:6      | Found a burning altar of Makhleb.
  5539 | D:6      | XOM: give mutations
  5539 | D:6      | Gained mutation: You are robust (+10% HP). [Xom's grace]
  5539 | D:6      | Gained mutation: You can translocate small distances at will. [Xom's grace]
  5539 | D:6      | Gained mutation: You are agile. (Dex +2) [Xom's grace]
  5725 | D:6      | XOM: god gift: 8 gold pieces
  5783 | D:6      | Bought an uncursed amulet of guardian spirit for 360 gold pieces
  5811 | D:6      | XOM: divination: detect creatures
  5903 | D:7      | XOM: cast spell 'Dragon Form'
  5934 | D:7      | Reached skill level 10 in Maces & Flails
  6124 | D:7      | Noticed Prince Ribbit
  6138 | D:7      | Killed Prince Ribbit
  6281 | D:7      | Reached skill level 11 in Maces & Flails
  6309 | D:7      | Reached XP level 9. HP: 53/56 MP: 9/9
  6341 | D:7      | XOM: destruction
  6381 | D:6      | XOM: enchant monster (good)
  6510 | D:7      | XOM: god gift: scale mail {god gift}
  6535 | D:7      | Got a sparkling copper ring
  6537 | D:7      | Identified the ring "Lokkedgh" {rC+ Str+2 Dex+5} (You took it off a centaur on level 7 of the Dungeon)
  6753 | D:7      | Noticed Duvessa
  6753 | D:7      | Noticed Dowan
  6772 | D:7      | Killed Duvessa
  6785 | D:7      | Killed Dowan
  6868 | D:7      | XOM: silly message
  6886 | D:7      | Reached skill level 12 in Maces & Flails
  6974 | D:7      | XOM: silly message
  6987 | D:8      | Found a white marble altar of Elyvilon.
  7122 | D:8      | XOM: 1-stop teleportation journey
  7195 | D:8      | Noticed Pikel
  7215 | D:8      | XOM: confuse monster(s)
  7228 | D:8      | Killed Pikel
  7228 | D:8      | Reached skill level 5 in Armour
  7370 | D:8      | Reached skill level 5 in Shields
  7403 | D:8      | XOM: god gift: 10 royal jellies
  7510 | D:8      | Found a bloodstained altar of Trog.
  7553 | D:8      | Reached XP level 10. HP: 61/61 MP: 10/10
  7590 | D:8      | Noticed Blork the orc
  7603 | D:8      | Killed Blork the orc
  7630 | D:8      | XOM: silly message
  7981 | D:9      | XOM: harmless Divn miscast
  8029 | D:9      | XOM: potion effect (experience)
  8029 | D:9      | Reached XP level 11. HP: 64/73 MP: 11/11
  8098 | D:9      | XOM: harmless Summ miscast
  8191 | D:9      | Reached skill level 10 in Armour
  8198 | D:9      | Found Emotsim's Weapon Shoppe.
  8227 | D:9      | Found a staircase to the Orcish Mines.
  8313 | D:9      | XOM: divination: detect items
  8320 | D:9      | Found a bloodstained altar of Trog.
  8651 | D:9      | XOM: harmless Erth miscast
  8745 | D:9      | XOM: colour smoke trail
  8812 | D:9      | XOM: noise
  8815 | D:9      | XOM: summons friendly ufetubus
  8829 | D:9      | XOM: confuse monster(s)
  8902 | D:9      | XOM: summons 5 hostile demons
  9312 | D:10     | Entered Level 10 of the Dungeon
  9312 | D:10     | Noticed Fannar
  9367 | D:10     | Killed Fannar
  9367 | D:10     | Reached skill level 10 in Shields
  9372 | D:10     | Found Caedass' Jewellery Shop.
  9372 | D:10     | XOM: 3-stop teleportation journey
  9413 | D:10     | Killed an unseen horror
  9533 | D:10     | Noticed Gastronok
  9538 | D:10     | XOM: fake destruction
  9541 | D:10     | XOM: blink monster(s)
  9553 | D:10     | XOM: divine lightning
  9560 | D:10     | Killed Gastronok
  9567 | D:10     | XOM: god gift: potion of restore abilities
  9614 | D:10     | Noticed a hill giant
  9641 | D:10     | XOM: enchant monster (good)
  9654 | D:10     | Killed a hill giant
  9656 | D:10     | XOM: 3-stop teleportation journey
  9658 | D:10     | XOM: summons 1 hostile demon
  9751 | D:10     | XOM: confusion (+ monsters)
  9849 | D:10     | XOM: potion effect (invisibility)
  9908 | D:10     | XOM: divination: detect creatures
  9945 | D:10     | XOM: give mutations
  9945 | D:10     | Gained mutation: You are covered in fur (AC +1). [Xom's grace]
  9945 | D:10     | Gained mutation: You possess an exceptional clarity of mind. [Xom's grace]
  9945 | D:10     | Gained mutation: You evolve. [Xom's grace]
  9945 | D:10     | Gained mutation: You are partially covered in large bone plates (AC +2, SH +2). [Xom's grace]
  9994 | D:10     | XOM: harmless Erth miscast
 10284 | D:10     | You fall through a shaft!
 10300 | D:11     | Found a portal to a secret trove of treasure.
 10307 | D:11     | XOM: potion effect (agility)
 10568 | D:11     | Reached XP level 12. HP: 76/79 MP: 12/12
 10588 | D:11     | XOM: harmless Erth miscast
 10618 | D:11     | Gained mutation: You can spit poison. [evolution]
 10634 | D:11     | XOM: mild Pois miscast
 10635 | D:11     | XOM: enchant monster (good)
 10637 | D:11     | XOM: fake destruction
 10659 | D:11     | XOM: confuse monster(s)
 10681 | D:11     | Reached skill level 13 in Shields
 10841 | D:11     | Noticed a hill giant
 10881 | D:11     | Killed a hill giant
 10945 | D:11     | Noticed a tengu warrior
 10947 | D:11     | XOM: confuse monster(s)
 10957 | D:11     | Noticed a ghost crab
 10957 | D:11     | a tengu warrior changed into a ghost crab
 10957 | D:11     | XOM: polymorph tengu warrior -> ghost crab
 10958 | D:11     | a ghost crab changed into a wind drake
 10970 | D:11     | XOM: silly message
 10973 | D:11     | XOM: cast spell 'Stoneskin'
 11044 | D:11     | XOM: polymorph orc -> giant mite
 11045 | D:11     | XOM: enchant monster (bad)
 11060 | D:11     | XOM: enchant monster (good)
 11080 | D:11     | XOM: summons friendly neqoxec
 11219 | D:11     | Found a staircase to the Lair.
 11303 | Lair:1   | Entered Level 1 of the Lair of Beasts
 11403 | Lair:1   | Noticed a seven-headed hydra
 11455 | Lair:1   | XOM: summons 2 friendly demons
 11461 | Lair:1   | Killed a seven-headed hydra
 11461 | Lair:1   | Reached skill level 14 in Shields
 11463 | Lair:1   | Noticed a seven-headed hydra
 11464 | Lair:1   | Noticed Nergalle
 11471 | Lair:1   | Killed a seven-headed hydra
 11471 | Lair:1   | XOM: divine lightning (protected)
 11472 | Lair:1   | XOM: fake destruction
 11486 | Lair:1   | XOM: enchant monster (good)
 11560 | Lair:1   | XOM: 3-stop teleportation journey
 11726 | Lair:1   | XOM: summons 10 friendly demons
 11729 | Lair:1   | Noticed a spectral orc warlord
 11735 | Lair:1   | Killed Nergalle
 11775 | Lair:1   | XOM: silly message
 11784 | Lair:1   | XOM: fake destruction
 11786 | Lair:1   | XOM: noise
 11807 | Lair:1   | XOM: cast spell 'Ring of Flames'
 11814 | Lair:1   | Reached skill level 15 in Shields
 12014 | Lair:1   | XOM: harmless Hex miscast
 12091 | Lair:2   | Found a stormy altar of Qazlal.
 12138 | Lair:2   | XOM: cast spell 'Summon Horrible Things'
 12563 | Lair:2   | XOM: summons 9 friendly demons
 12581 | Lair:2   | XOM: confuse monster(s)
 12583 | Lair:2   | XOM: 2-stop teleportation journey
 12721 | Lair:2   | XOM: harmless Divn miscast
 12858 | Lair:2   | XOM: snakes to sticks
 12963 | Lair:2   | Reached XP level 13. HP: 88/88 MP: 13/13
 12981 | Lair:2   | XOM: mild Pois miscast
 13049 | Lair:2   | XOM: divination: detect creatures
 13182 | Lair:2   | XOM: cast spell 'Spider Form'
 13221 | Lair:2   | Got a jewelled scale mail
 13233 | Lair:2   | Identified the +1 scale mail "Jioc" {Slay-1 Curse} (You found it on level 2 of the Lair of Beasts)
 13279 | Lair:2   | XOM: noise
 13345 | Lair:2   | XOM: divination: detect creatures
 13381 | Lair:2   | Reached skill level 10 in Fighting
 13533 | Lair:3   | XOM: noise
 13561 | Lair:3   | XOM: give mutation
 13561 | Lair:3   | Gained mutation: You occasionally shout uncontrollably at your foes. [Xom's mischief]
 13697 | Lair:3   | XOM: 3-stop teleportation journey
 13791 | Lair:3   | Noticed Snorg
 13818 | Lair:3   | XOM: summons friendly iron imp
 13825 | Lair:3   | XOM: 2-stop teleportation journey
 13835 | Lair:3   | XOM: noise
 13845 | Lair:3   | XOM: blink monster(s)
 13854 | Lair:3   | XOM: potion effect (curing)
 13876 | Lair:3   | Killed Snorg
 13881 | Lair:3   | XOM: harmless Summ miscast
 14215 | Lair:3   | XOM: cast spell 'Ice Form'
 14534 | Lair:3   | XOM: colour smoke trail
 14690 | Lair:4   | XOM: mild Fire miscast
 14727 | Lair:4   | XOM: divination: detect creatures
 14728 | Lair:4   | XOM: cast spell 'Dispersal'
 14730 | Lair:4   | XOM: potion effect (heal wounds)
 15045 | Lair:4   | XOM: harmless Summ miscast
 15211 | Lair:4   | XOM: divination: magic mapping
 15376 | Lair:4   | XOM: potion effect (curing)
 15386 | Lair:4   | XOM: cast spell 'Ring of Flames'
 15698 | Lair:5   | XOM: confuse monster(s)
 15720 | Lair:5   | XOM: cast spell 'Blink'
 15740 | Lair:5   | XOM: cast spell 'Cause Fear'
 15756 | Lair:5   | XOM: noise
 15761 | Lair:5   | XOM: 3-stop teleportation journey
 15809 | Lair:5   | Found a staircase to the Snake Pit.
 15819 | Snake:1  | Entered Level 1 of the Snake Pit
 15819 | Snake:1  | XOM: summons friendly white imp
 15828 | Snake:1  | XOM: snakes to sticks
 15831 | Snake:1  | XOM: enchant monster (good)
 15907 | Snake:1  | Noticed Aizul
 15915 | Snake:1  | XOM: summons friendly iron imp
 15928 | Snake:1  | XOM: potion effect (experience)
 15928 | Snake:1  | Gained mutation: Your wings are large and strong. [gargoyle growth]
 15928 | Snake:1  | Reached XP level 14. HP: 48/101 MP: 14/14
 15940 | Snake:1  | Killed Aizul
 15940 | Snake:1  | XOM: divine lightning
 16345 | Lair:5   | XOM: give mutations
 16345 | Lair:5   | Gained mutation: Your spells are a little harder to cast, but a little more powerful. [Xom's grace]
 16345 | Lair:5   | Gained mutation: You are resistant to hostile enchantments. [Xom's grace]
 16345 | Lair:5   | Lost mutation: You evolve. [Xom's grace]
 16345 | Lair:5   | Gained mutation: You are somewhat resistant to further mutation. [Xom's grace]
 16416 | Lair:5   | XOM: 1-stop teleportation journey
 16443 | Lair:5   | Found a glowing golden altar of the Shining One.
 16443 | Lair:5   | XOM: 4-stop teleportation journey
 16444 | Lair:5   | XOM: stat loss: -1 Dex (15/16)
 16449 | Lair:5   | XOM: divine lightning
 16740 | Lair:5   | Found a hole to the Spider Nest.
 16768 | Lair:5   | the hole to the Spider Nest was a mimic.
 16805 | Lair:5   | XOM: summons 5 hostile shadow creatures
 16812 | Lair:5   | XOM: enchant monster (bad)
 16816 | Lair:5   | XOM: summons 7 hostile demons
 16817 | Lair:5   | XOM: 4-stop teleportation journey
 16854 | Lair:5   | XOM: silly message
 16909 | Lair:5   | XOM: summons friendly white imp
 16923 | Lair:5   | XOM: cast spell 'Chain of Chaos'
 16926 | Lair:5   | XOM: summons friendly white imp
 16929 | Lair:5   | XOM: blink monster(s)
 16951 | Lair:5   | XOM: summons 2 friendly demons
 16954 | Lair:5   | XOM: confuse monster(s)
 16963 | Lair:5   | XOM: enchant monster (good)
 16968 | Lair:5   | XOM: give mutation
 16968 | Lair:5   | Gained mutation: You are very agile. (Dex +4) [Xom's grace]
 16982 | Lair:5   | XOM: confuse monster(s)
 16984 | Lair:5   | XOM: divination: detect creatures
 17014 | Lair:5   | XOM: harmless Erth miscast
 17452 | Lair:5   | XOM: medium Pois miscast
 17453 | Lair:5   | XOM: silly message
 17566 | Lair:6   | XOM: stealth player
 17791 | Lair:6   | XOM: harmless Chrm miscast
 17850 | Lair:6   | Found a staircase to the Shoals.
 17864 | Lair:6   | XOM: mild Conj miscast
 17924 | Shoals:1 | Entered Level 1 of the Shoals
 17937 | Shoals:1 | XOM: enchant monster (good)
 18182 | Lair:6   | XOM: noise
 18295 | Lair:6   | XOM: summons friendly white imp
 18376 | Lair:6   | XOM: enchant monster (bad)
 18466 | Lair:6   | XOM: 4-stop teleportation journey
 18516 | Lair:6   | XOM: harmless Trmt miscast
 18528 | Lair:6   | Reached skill level 15 in Maces & Flails
 18577 | Lair:6   | XOM: mild Ice miscast
 18617 | Lair:6   | XOM: blink monster(s)
 18641 | Lair:6   | Reached XP level 15. HP: 99/105 MP: 15/15
 18693 | Lair:6   | XOM: medium Necr miscast
 19099 | Lair:6   | XOM: summons friendly white imp
 19100 | Lair:6   | XOM: confuse monster(s)
 19113 | Lair:6   | XOM: enchant monster (good)
 19115 | Lair:6   | XOM: enchant monster (good)
 19122 | Lair:6   | XOM: summons 3 friendly demons
 19216 | Lair:6   | XOM: noise
 19255 | Lair:6   | XOM: medium Chrm miscast
 19259 | Lair:6   | XOM: god gift: 730 gold pieces
 19307 | Lair:6   | XOM: torment (85/105 hp)
 19532 | Lair:7   | XOM: swap monsters
 19537 | Lair:7   | XOM: noise
 19554 | Lair:7   | XOM: enchant monster (good)
 19556 | Lair:7   | XOM: confuse monster(s)
 19629 | Lair:7   | XOM: silly message
 20423 | Lair:7   | XOM: cast spell 'Summon Ice Beast'
 20464 | Lair:7   | XOM: silly message
 20502 | Lair:7   | Reached skill level 16 in Maces & Flails
 20661 | Lair:7   | XOM: noise
 20717 | Lair:7   | XOM: give mutations
 20717 | Lair:7   | Lost mutation: You possess an exceptional clarity of mind. [Xom's mischief]
 20717 | Lair:7   | Lost mutation: You occasionally shout uncontrollably at your foes. [Xom's mischief]
 20717 | Lair:7   | Lost mutation: You can spit poison. [Xom's mischief]
 20717 | Lair:7   | Gained mutation: Your vision is a little blurry. [Xom's mischief]
 20922 | Lair:8   | Entered Level 8 of the Lair of Beasts
 20974 | Lair:8   | XOM: give mutations
 20974 | Lair:8   | Lost mutation: You are robust (+10% HP). [Xom's mischief]
 20974 | Lair:8   | Gained mutation: You tend to lose your temper in combat. [Xom's mischief]
 20981 | Lair:8   | Found a staircase to the Slime Pits.
 20981 | Lair:8   | Found a viscous altar of Jiyva.
 21024 | Lair:8   | XOM: 1-stop teleportation journey
 21220 | Lair:8   | XOM: blink monster(s)
 21253 | Lair:8   | XOM: 3-stop teleportation journey
 21265 | Lair:8   | XOM: divination: detect creatures
 21267 | Lair:8   | XOM: snakes to sticks
 21348 | Lair:8   | XOM: silly message
 21355 | Lair:8   | XOM: summons 4 friendly demons
 21400 | Lair:8   | XOM: noise
 21401 | Lair:8   | XOM: enchant monster (bad)
 21614 | Lair:8   | XOM: noise
 21648 | Lair:8   | XOM: harmless Trmt miscast
 21653 | Lair:8   | XOM: potion effect (experience)
 21653 | Lair:8   | Reached skill level 17 in Maces & Flails
 21653 | Lair:8   | Reached XP level 16. HP: 84/101 MP: 16/16
 21669 | Lair:8   | XOM: confuse monster(s)
 21993 | Lair:8   | XOM: potion effect (heal wounds)
 21996 | Lair:8   | XOM: divination: detect creatures
 22123 | Lair:8   | XOM: harmless Trmt miscast
 22375 | Lair:8   | Noticed Rupert
 22379 | Lair:8   | XOM: potion effect (magic)
 22385 | Lair:8   | XOM: potion effect (might)
 22393 | Lair:8   | XOM: fake destruction
 22399 | Lair:8   | Killed Rupert
 22415 | Lair:8   | Reached skill level 18 in Maces & Flails
 22472 | Lair:8   | XOM: destruction
 22476 | Lair:8   | XOM: snakes to sticks
 22490 | Lair:8   | XOM: summons 3 friendly demons
 22575 | Lair:8   | XOM: potion effect (agility)
 22579 | Lair:8   | XOM: confuse monster(s)
 22733 | Lair:8   | XOM: 4-stop teleportation journey
 22737 | Lair:8   | XOM: cast spell 'Call Canine Familiar'
 23102 | Lair:8   | XOM: god gift: glowing plate armour {god gift}
 23133 | Lair:8   | XOM: confuse monster(s)
 23157 | Lair:8   | XOM: vitrification
 23493 | Lair:8   | XOM: summons 2 hostile shadow creatures
 23686 | Lair:8   | XOM: divination: detect creatures
 23792 | Lair:8   | XOM: divination: detect creatures
 23904 | Lair:8   | XOM: polymorph hog -> basilisk
 24175 | Lair:8   | XOM: vitrification
 24205 | Slime:1  | Entered Level 1 of the Pits of Slime
 24210 | Lair:8   | Upgraded the game from 0.15.0-12-gccce430 to 0.15.0-13-gb296d5c
 24240 | Lair:8   | XOM: confuse monster(s)
 24306 | Lair:7   | XOM: vitrification
 24325 | Lair:7   | XOM: vitrification
 24525 | Lair:2   | XOM: god gift: 21 gold pieces
 24530 | Lair:2   | XOM: summons 4 friendly demons
 24629 | D:9      | XOM: medium Erth miscast
 24635 | D:9      | XOM: harmless Hex miscast
 24651 | Orc:1    | Entered Level 1 of the Orcish Mines
 24970 | Orc:1    | XOM: harmless Necr miscast
 25060 | Orc:1    | Reached skill level 19 in Maces & Flails
 25073 | Orc:1    | Reached XP level 17. HP: 92/106 MP: 5/17
 25215 | Orc:1    | Found a roughly hewn altar of Beogh.
 25396 | Orc:2    | Found Phuodem's Weapon Shop.
 25400 | Orc:2    | Found Moitug's Assorted Antiques.
 25408 | Orc:2    | Bought a gluggy cyan potion for 17 gold pieces
 25408 | Orc:2    | Bought a scroll labeled PRAL MUCOI for 19 gold pieces
 25408 | Orc:2    | Bought a potion of haste for 133 gold pieces
 25435 | Orc:2    | Noticed Maurice
 25460 | Orc:2    | Killed Maurice
 25517 | Orc:2    | Noticed Urug
 25529 | Orc:2    | Killed Urug
 25550 | Orc:2    | Found Gatui's Book Shoppe.
 25632 | Orc:2    | Found Piehoivva's Gadget Boutique.
 25634 | Orc:2    | XOM: noise
 25699 | Orc:2    | Found Docsovvo's Magic Scroll Boutique.
 25703 | Orc:2    | Bought a scroll of enchant weapon for 97 gold pieces
 25703 | Orc:2    | Bought a scroll of blinking for 97 gold pieces
 25703 | Orc:2    | Bought a scroll of teleportation for 39 gold pieces
 25703 | Orc:2    | Bought a scroll of blinking for 97 gold pieces
 25703 | Orc:2    | Bought a scroll of teleportation for 39 gold pieces
 25719 | Orc:2    | XOM: harmless Divn miscast
 26079 | Orc:3    | Found a staircase to the Elven Halls.
 26096 | Elf:1    | Entered Level 1 of the Elven Halls
 26164 | Orc:3    | XOM is BORED!
 26164 | Orc:3    | XOM: medium Hex miscast
 26176 | Orc:3    | XOM: mild Summ miscast
 26545 | Orc:3    | XOM: enchant monster (bad)
 26641 | Orc:4    | XOM: stealth player
 26641 | Orc:4    | Entered Level 4 of the Orcish Mines
 26922 | Orc:4    | XOM: medium Tloc miscast
 26938 | Orc:4    | XOM: silly message
 27035 | Orc:4    | XOM: summons friendly quasit
 27037 | Orc:4    | XOM: noise
 27105 | Orc:4    | XOM: noise
 27108 | Orc:4    | XOM: polymorph orc high priest -> faun
 27378 | Orc:4    | XOM: 2-stop teleportation journey
 27481 | Orc:4    | XOM: severe Divn miscast
 27789 | Orc:4    | Found a roughly hewn altar of Beogh.
 27875 | Orc:4    | XOM: summons friendly ufetubus
 28085 | Orc:4    | XOM: harmless Ice miscast
 28133 | Orc:4    | XOM: colour smoke trail
 28267 | Orc:4    | Found a roughly hewn altar of Beogh.
 28268 | Orc:4    | Found Ble Ceobb's Antique Weapon Shoppe.
 28269 | Orc:4    | Found Doob's Antique Armour Emporium.
 28276 | Orc:4    | Bought a pair of embroidered gloves for 99 gold pieces
 28280 | Orc:4    | XOM: give mutations
 28280 | Orc:4    | Lost mutation: Your vision is a little blurry. [Xom's mischief]
 28280 | Orc:4    | Lost mutation: You are somewhat resistant to further mutation. [Xom's mischief]
 28320 | Orc:4    | Found a roughly hewn altar of Beogh.
 28480 | Orc:4    | Found a roughly hewn altar of Beogh.
 28497 | Orc:4    | Found Nias' Book Shop.
 28504 | Orc:4    | Nias' Book Shop was a mimic.
 28587 | Orc:4    | XOM: chaos upgrade
 28599 | Orc:4    | Found a roughly hewn altar of Beogh.
 28610 | Orc:4    | Found Vaopaplia's General Store.
 28628 | Orc:4    | Bought a potion of haste for 91 gold pieces
 28628 | Orc:4    | Bought a scroll of enchant weapon for 97 gold pieces
 28764 | Orc:4    | Found a roughly hewn altar of Beogh.
 28841 | Orc:4    | XOM: harmless Pois miscast
 28914 | Orc:2    | XOM: noise
 28970 | D:10     | XOM: scenery: create altars
 29037 | D:12     | Reached skill level 20 in Maces & Flails
 29179 | D:12     | XOM: harmless Erth miscast
 29209 | D:12     | Reached skill level 1 in Dodging
 29225 | D:12     | XOM: colour smoke trail
 29465 | D:12     | XOM: harmless Hex miscast
 29473 | D:12     | XOM: 5-stop teleportation journey
 29477 | D:12     | XOM: silly message
 29478 | D:12     | XOM: divination: detect creatures
 29480 | D:12     | XOM: noise
 29592 | D:12     | XOM: summons 6 hostile demons
 29650 | D:12     | XOM: enchant monster (good)
 29760 | D:12     | XOM: noise
 29913 | D:12     | Got an encrusted chain mail
 29934 | D:12     | XOM: cast spell 'Beastly Appendage'
 29960 | D:12     | Identified the +11 chain mail "Haingena" {Str+4 Int+2} (You found it on level 12 of the Dungeon)
 30131 | D:12     | XOM: harmless Erth miscast
 30492 | D:13     | XOM: harmless Necr miscast
 30530 | D:13     | XOM: cast spell 'Stoneskin'
 30549 | D:13     | XOM: noise
 30557 | D:13     | XOM: noise
 30561 | D:13     | XOM: harmless Divn miscast
 30563 | D:13     | XOM: potion effect (brilliance)
 30590 | D:13     | XOM: summons 2 friendly demons
 30630 | D:13     | XOM: swap monsters
 30637 | D:13     | XOM: 2-stop teleportation journey
 30726 | D:13     | XOM: confusion
 30889 | D:13     | Noticed Sonja
 30890 | D:13     | Noticed Sonja
 30890 | D:13     | Sonja changed into Sonja the black mamba
 30895 | D:13     | Killed Sonja the black mamba
 30901 | D:13     | XOM: give mutation
 30901 | D:13     | Gained mutation: You can spit poison. [Xom's grace]
 31029 | D:13     | XOM: give mutations
 31029 | D:13     | Gained mutation: Your muscles are strong. (Str +2) [Xom's grace]
 31029 | D:13     | Gained mutation: Your mind is acute. (Int +2) [Xom's grace]
 31029 | D:13     | Gained mutation: You have supernaturally acute eyesight. [Xom's grace]
 31113 | D:13     | XOM: vitrification
 31251 | D:13     | Found a gate to the Vaults.
 31279 | D:13     | XOM: give mutation
 31279 | D:13     | Gained mutation: Your mind is very acute. (Int +4) [Xom's grace]
 31726 | D:14     | XOM: enchant monster (good)
 31789 | D:14     | XOM: confusion
 31803 | D:14     | XOM: confusion (+ monsters)
 31805 | D:14     | Reached skill level 5 in Dodging
 31833 | D:14     | XOM: mild Pois miscast
 31840 | D:14     | XOM: divination: detect creatures
 31841 | D:14     | XOM: mild Summ miscast
 31960 | D:14     | XOM: mild Ice miscast
 32068 | D:14     | XOM: summons 2 hostile shadow creatures
 32073 | D:14     | XOM: fake destruction
 32416 | D:14     | XOM: mild Divn miscast
 32448 | D:14     | XOM: draining
 32504 | D:14     | XOM: 1-stop teleportation journey
 32555 | D:14     | XOM: god gift: ring of protection from fire {god gift}
 32559 | D:14     | Reached XP level 18. HP: 107/116 MP: 18/18
 32875 | D:15     | Entered Level 15 of the Dungeon
 33094 | D:15     | XOM: summons 5 hostile demons
 33248 | D:15     | XOM: medium Conj miscast
 33266 | D:15     | XOM: enchant monster (bad)
 33285 | D:15     | XOM: confuse monster(s)
 33451 | D:15     | Found a staircase to the Depths.
 33518 | Depths:1 | Entered Level 1 of the Depths
 33658 | D:15     | Noticed Kirke
 33692 | D:15     | Killed Kirke
 33740 | D:15     | XOM: silly message
 33761 | D:15     | XOM: polymorph green ugly thing -> storm dragon
 33766 | D:15     | XOM: enchant monster (good)
 33771 | D:15     | XOM: potion effect (invisibility)
 33816 | D:15     | XOM: 1-stop teleportation journey
 33915 | D:15     | XOM: cast spell 'Flight'
 34000 | D:15     | XOM: potion effect (berserk rage)
 34052 | D:15     | XOM: harmless Pois miscast
 34147 | D:15     | Found Thuurod's Gadget Boutique.
 34259 | D:15     | XOM: cast spell 'Blink'
 34398 | D:13     | XOM: god gift: dog-eared papyrus book {god gift}
 34479 | D:12     | Upgraded the game from 0.15.0-13-gb296d5c to 0.15.0-14-g6bbbb5c
 34507 | D:12     | Reached skill level 15 in Fighting
 34534 | D:12     | XOM: give mutations
 34534 | D:12     | Gained mutation: You are surrounded by a mild repulsion field (EV +2). [Xom's grace]
 34534 | D:12     | Gained mutation: You passively map a small area around you. [Xom's grace]
 34534 | D:12     | Gained mutation: You are partially covered in thin metallic scales (AC +2). [Xom's grace]
 34534 | D:12     | Gained mutation: Your flesh is cold resistant. [Xom's grace]
 34609 | D:12     | XOM: god gift: wand of disintegration {god gift}
 34735 | Lair:3   | XOM is BORED!
 34735 | Lair:3   | XOM: summons 9 hostile demons
 34738 | Lair:3   | XOM: god gift: box of beasts
 34987 | Snake:1  | XOM: enchant monster (good)
 35106 | Snake:1  | XOM: swap monsters
 35160 | Snake:1  | Noticed Nikola
 35171 | Snake:1  | XOM: cast spell 'Blink'
 35174 | Snake:1  | XOM: divine lightning (protected)
 35194 | Snake:1  | XOM: summons friendly shadow imp
 35201 | Snake:1  | Killed Nikola
 35300 | Snake:1  | XOM: vitrification
 35325 | Snake:1  | XOM: vitrification
 35364 | Snake:1  | XOM: give mutations
 35364 | Snake:1  | Gained mutation: You are robust (+10% HP). [Xom's grace]
 35364 | Snake:1  | Gained mutation: You are highly resistant to hostile enchantments. [Xom's grace]
 35364 | Snake:1  | Gained mutation: You are extremely resistant to the effects of hostile enchantments. [Xom's grace]
 35579 | Snake:1  | XOM: confuse monster(s)
 35679 | Snake:2  | XOM: cast spell 'Ring of Flames'
 35706 | Snake:2  | XOM: noise
 35769 | Snake:2  | Noticed Agnes
 35774 | Snake:2  | Noticed Vashnia
 35775 | Snake:2  | XOM: destruction
 35781 | Snake:2  | Killed Agnes
 35795 | Snake:2  | Killed Vashnia
 35840 | Snake:1  | XOM: silly message
 36146 | Snake:2  | XOM: summons 5 friendly demons
 36381 | Snake:2  | XOM: harmless Erth miscast
 36413 | Snake:2  | XOM: summons friendly white imp
 36458 | Snake:2  | XOM: divination: detect creatures
 36691 | Snake:2  | XOM: cast spell 'Ring of Flames'
 36823 | Snake:2  | XOM: noise
 36876 | Snake:3  | XOM: divination: detect creatures
 37144 | Snake:3  | XOM: cast spell 'Olgreb's Toxic Radiance'
 37422 | Snake:3  | XOM: confuse monster(s)
 37652 | Snake:3  | Reached XP level 19. HP: 127/139 MP: 18/18
 37700 | Snake:3  | XOM: silly message
 38473 | Snake:4  | XOM: confuse monster(s)
 38584 | Snake:4  | Reached skill level 10 in Dodging
 38588 | Snake:4  | XOM: enchant monster (good)
 38594 | Snake:4  | XOM: confuse monster(s)
 38595 | Snake:4  | XOM: enchant monster (bad)
 39003 | Snake:5  | Entered Level 5 of the Snake Pit
 39013 | Snake:5  | XOM: enchant monster (bad)
 39016 | Snake:5  | XOM: enchant monster (bad)
 39086 | Snake:5  | XOM: noise
 39087 | Snake:5  | XOM: harmless Chrm miscast
 39106 | Snake:5  | XOM: 3-stop teleportation journey
 39110 | Snake:5  | XOM: summons friendly shadow imp
 39602 | Snake:5  | XOM: silly message
 39650 | Snake:5  | XOM: silly message
 39695 | Snake:5  | XOM: polymorph sea snake -> hill giant
 39741 | Snake:5  | XOM: swap weapons
 39902 | Snake:5  | XOM: mild Fire miscast
 39909 | Snake:5  | XOM: silly message
 40217 | Snake:5  | XOM: enchant monster (good)
 40229 | Snake:5  | XOM: silly message
 40234 | Snake:5  | XOM: swap monsters
 40236 | Snake:5  | XOM: 3-stop teleportation journey
 40396 | Snake:5  | XOM: chaos upgrade
 40405 | Snake:5  | XOM: divination: detect creatures
 40619 | Snake:5  | XOM: potion effect (invisibility)
 40641 | Snake:5  | XOM: harmless Conj miscast
 40644 | Snake:5  | XOM: potion effect (agility)
 40780 | Snake:5  | XOM: potion effect (heal wounds)
 40800 | Snake:5  | XOM: harmless Hex miscast
 40838 | Snake:5  | Got a serpentine rune of Zot
 40852 | Snake:5  | XOM: summons 5 friendly demons
 40855 | Snake:5  | XOM: divine lightning (protected)
 40857 | Snake:5  | Reached XP level 20. HP: 143/149 MP: 19/19
 41084 | Snake:3  | XOM: give mutations
 41084 | Snake:3  | Gained mutation: You are covered in thick fur (AC +2). [Xom's grace]
 41084 | Snake:3  | Gained mutation: Your muscles are very strong. (Str +4) [Xom's grace]
 41421 | Shoals:1 | XOM: snakes to sticks
 41641 | Shoals:1 | XOM: mild Summ miscast
 41663 | Shoals:1 | XOM: swap monsters
 41665 | Shoals:1 | XOM: summons friendly shadow imp
 41671 | Shoals:1 | XOM: summons 11 friendly demons
 41947 | Shoals:1 | XOM: give mutations
 41947 | Shoals:1 | Gained mutation: Your natural rate of healing is unusually fast. [Xom's grace]
 41947 | Shoals:1 | Gained mutation: You have an increased reservoir of magic (+10% MP). [Xom's grace]
 41947 | Shoals:1 | Gained mutation: You evolve. [Xom's grace]
 42560 | Shoals:1 | Lost mutation: Your muscles are very strong. (Str +4) [evolution]
 42629 | Shoals:1 | XOM: severe Hex miscast
 42759 | Shoals:2 | XOM: polymorph merfolk -> cyclops
 42879 | Shoals:2 | Noticed Roxanne
 42900 | Shoals:2 | XOM: 2-stop teleportation journey
 42967 | Shoals:2 | Noticed Frances
 42980 | Shoals:2 | XOM: confuse monster(s)
 42984 | Shoals:2 | XOM: summons 2 friendly demons
 42989 | Shoals:2 | Killed Frances
 43035 | Shoals:2 | XOM: chaos upgrade
 43157 | Shoals:2 | Noticed Nessos
 43171 | Shoals:2 | XOM: noise
 43177 | Shoals:2 | Killed Nessos
 43282 | Shoals:2 | Noticed Asterion
 43289 | Shoals:2 | XOM: give mutations
 43289 | Shoals:2 | Lost mutation: You tend to lose your temper in combat. [Xom's mischief]
 43289 | Shoals:2 | Lost mutation: Your flesh is cold resistant. [Xom's mischief]
 43289 | Shoals:2 | Lost mutation: You are very agile. (Dex +4) [Xom's mischief]
 43296 | Shoals:2 | XOM: cast spell 'Call Canine Familiar'
 43300 | Shoals:2 | XOM: 3-stop teleportation journey
 43627 | Shoals:2 | XOM: harmless Conj miscast
 43641 | Shoals:2 | XOM: summons 16 friendly demons
 43647 | Shoals:2 | Killed Asterion
 43981 | Shoals:3 | XOM: swap monsters
 44037 | Shoals:3 | XOM: summons friendly white imp
 44046 | Shoals:3 | XOM: polymorph white imp -> crimson imp
 44123 | Shoals:3 | XOM: cast spell 'Dragon Form'
 44166 | Shoals:3 | XOM: 4-stop teleportation journey
 44185 | Shoals:3 | XOM: polymorph merfolk -> redback
 44333 | Shoals:3 | Found a flickering gateway to a bazaar.
 44369 | Shoals:3 | XOM: enchant monster (good)
 44373 | Bazaar   | Entered a bazaar
 44379 | Bazaar   | Found Nikelor's Book Shop.
 44405 | Bazaar   | Found Zud Ufy's Gadget Shop.
 44473 | Shoals:3 | XOM: 1-stop teleportation journey
 45120 | Shoals:3 | XOM: mild Trmt miscast
 45309 | Shoals:4 | XOM: summons friendly white imp
 45493 | Shoals:4 | XOM: medium Divn miscast
 45494 | Shoals:4 | XOM: confusion (+ monsters)
 45752 | Shoals:4 | XOM: summons 4 hostile demons
 46037 | Shoals:4 | Noticed Polyphemus
 46038 | Shoals:4 | XOM: confuse monster(s)
 46078 | Shoals:4 | Killed Polyphemus
 46718 | Shoals:5 | Entered Level 5 of the Shoals
 46943 | Shoals:5 | XOM: blink monster(s)
 46950 | Shoals:5 | XOM: polymorph merfolk javelineer -> giant leech
 47112 | Shoals:5 | Cast into the Abyss (merfolk)
 47112 | Abyss:1  | Found a corrupted altar of Lugonu.
 47174 | Abyss:1  | XOM: medium Conj miscast
 47180 | Abyss:1  | Noticed a bone dragon
 47193 | Abyss:1  | Killed a bone dragon
 47248 | Abyss:1  | Gained mutation: Armour fits poorly on your strangely shaped body. [a neqoxec]
 47267 | Abyss:1  | XOM: silly message
 47418 | Abyss:1  | Paralysed by you for 2 turns
 47486 | Abyss:1  | XOM: vitrification
 47599 | Shoals:5 | Escaped the Abyss
 47623 | Shoals:5 | XOM: enchant monster (good)
 47732 | Shoals:5 | Reached XP level 21. HP: 158/158 MP: 22/22
 47888 | Shoals:5 | XOM: god gift: 23 gold pieces
 47893 | Shoals:5 | Noticed Ilsuiw
 47900 | Shoals:5 | XOM: noise
 47907 | Shoals:5 | XOM: enchant monster (good)
 47911 | Shoals:5 | XOM: divination: magic mapping
 47924 | Shoals:5 | Killed Ilsuiw
 47934 | Shoals:5 | XOM: polymorph merfolk impaler -> giant leech
 47950 | Shoals:5 | XOM: noise
 47971 | Shoals:5 | XOM: divination: detect creatures
 47973 | Shoals:5 | XOM: god gift: potion of brilliance
 48028 | Shoals:5 | XOM: medium Pois miscast
 48159 | Shoals:5 | XOM: mild Tloc miscast
 48168 | Shoals:5 | XOM: noise
 48263 | Shoals:5 | XOM: enchant monster (good)
 48453 | Shoals:5 | XOM: summons friendly ufetubus
 48454 | Shoals:5 | XOM: fake destruction
 48456 | Shoals:5 | XOM: silly message
 48525 | Shoals:5 | Got a barnacled rune of Zot
 48537 | Shoals:5 | XOM: summons 10 hostile demons
 49038 | Lair:1   | Lost mutation: You evolve. [evolution]
 49157 | Vaults:1 | Entered Level 1 of the Vaults
 49160 | Vaults:1 | XOM: swap weapons
 49304 | Vaults:1 | XOM: summons 4 hostile shadow creatures
 49333 | Vaults:1 | XOM: polymorph orc -> green rat
 49342 | Vaults:1 | XOM: blink monster(s)
 49345 | Vaults:1 | XOM: noise
 49350 | Vaults:1 | XOM: potion effect (agility)
 49571 | Vaults:1 | XOM: mild Summ miscast
 49625 | Vaults:1 | XOM: mild Tloc miscast
 49926 | Vaults:1 | XOM: divination: magic mapping
 50066 | Vaults:1 | XOM: divination: detect items
 50376 | Vaults:1 | XOM: cast spell 'Ice Form'
 50466 | Vaults:1 | XOM: colour smoke trail
 50500 | Vaults:1 | XOM: potion effect (brilliance)
 50501 | Vaults:1 | XOM: confuse monster(s)
 50513 | Vaults:1 | XOM: potion effect (invisibility)
 50515 | Vaults:1 | Reached skill level 15 in Dodging
 50764 | Vaults:1 | XOM: potion effect (agility)
 50828 | Vaults:1 | XOM: scenery: 1 doors open, 3 doors close
 50971 | Vaults:2 | XOM: harmless Conj miscast
 50984 | Vaults:2 | XOM: summons 10 friendly demons
 51107 | Vaults:2 | XOM: harmless Tloc miscast
 51216 | Vaults:2 | XOM: silly message
 51220 | Vaults:2 | XOM: enchant monster (good)
 51551 | Vaults:2 | XOM: 2-stop teleportation journey
 51576 | Vaults:2 | Reached XP level 22. HP: 87/167 MP: 22/22
 51988 | Vaults:2 | XOM: vitrification
 52112 | Vaults:3 | XOM: stealth player
 52249 | Vaults:3 | XOM: summons 4 friendly demons
 52256 | Vaults:3 | XOM: cast spell 'Spider Form'
 52576 | Vaults:3 | XOM: god gift: 3 tomahawks of returning
 52583 | Vaults:3 | Found a glowing golden altar of the Shining One.
 52620 | Vaults:3 | Found Deuwir's Assorted Antiques.
 52661 | Vaults:3 | Bought a scroll of teleportation for 123 gold pieces
 52661 | Vaults:3 | Bought a potion of haste for 287 gold pieces
 52705 | Vaults:3 | Found Eduotoadgh's Jewellery Shop.
 52900 | Vaults:3 | XOM: summons 2 friendly demons
 52902 | Vaults:3 | XOM: confuse monster(s)
 53073 | Vaults:3 | Found Keor's Book Boutique.
 53637 | Vaults:4 | XOM: polymorph orc -> quokka
 53685 | Vaults:4 | XOM: harmless Erth miscast
 53754 | Vaults:4 | XOM: potion effect (brilliance)
 53760 | Vaults:4 | XOM: confuse monster(s)
 53824 | Vaults:4 | XOM: summons 13 friendly demons
 53830 | Vaults:4 | XOM: summons 4 friendly demons
 53855 | Vaults:4 | XOM: harmless Divn miscast
 53859 | Vaults:4 | XOM: summons friendly iron imp
 53865 | Vaults:4 | XOM: summons friendly quasit
 53897 | Vaults:4 | XOM: enchant monster (good)
 53972 | Vaults:4 | XOM: fake destruction
 54076 | Vaults:4 | XOM: summons friendly white imp
 54129 | Vaults:4 | XOM: potion effect (heal wounds)
 54135 | Vaults:4 | XOM: enchant monster (good)
 54187 | Vaults:4 | Found Imenur's Assorted Antiques.
 54217 | Vaults:4 | XOM: silly message
 54242 | Vaults:4 | Bought a large shield for 130 gold pieces
 54242 | Vaults:4 | Bought a scroll of blinking for 217 gold pieces
 54242 | Vaults:4 | Bought a silvery potion for 26 gold pieces
 54242 | Vaults:4 | Bought a potion of haste for 203 gold pieces
 54326 | Vaults:4 | XOM: enchant monster (bad)
 54348 | Vaults:4 | XOM: 1-stop teleportation journey
 54499 | Vaults:4 | XOM: give mutations
 54499 | Vaults:4 | Lost mutation: Your spells are a little harder to cast, but a little more powerful. [Xom's mischief]
 54499 | Vaults:4 | Lost mutation: Your muscles are strong. (Str +2) [Xom's mischief]
 55151 | Vaults:4 | XOM: god gift: 38 gold pieces
 55160 | Vaults:4 | XOM: blink monster(s)
 55185 | Vaults:5 | XOM: noise
 55185 | Vaults:5 | Entered Level 5 of the Vaults
 55185 | Vaults:5 | XOM: polymorph vault guard -> ice dragon
 55200 | Vaults:4 | Reached XP level 23. HP: 171/171 MP: 23/23
 55201 | Vaults:4 | XOM: noise
 55227 | Vaults:4 | XOM: harmless Chrm miscast
 55244 | Vaults:4 | XOM: blink monster(s)
 55245 | Vaults:4 | XOM: confusion (+ monsters)
 55246 | Vaults:4 | XOM: enchant monster (bad)
 55253 | Vaults:4 | XOM: swap weapons
 55303 | Vaults:4 | XOM: god gift: scroll of blinking
 55307 | Vaults:4 | XOM: confusion
 55326 | Vaults:4 | XOM: noise
 55346 | Vaults:4 | XOM: mild Hex miscast
 55378 | Vaults:5 | XOM: blink monster(s)
 55458 | Vaults:4 | XOM: silly message
 55463 | Vaults:5 | XOM: summons friendly ufetubus
 55476 | Vaults:4 | XOM: potion effect (invisibility)
 55595 | Vaults:4 | XOM: enchant monster (good)
 55617 | Vaults:4 | XOM: potion effect (berserk rage)
 55632 | Vaults:4 | XOM: mild Divn miscast
 55679 | Vaults:4 | Gained mutation: Your body is slowly deteriorating. [mutagenic glow]
 55919 | Vaults:5 | XOM: swap weapons
 55924 | Vaults:4 | XOM: divination: detect creatures
 56010 | Vaults:5 | XOM: divination: detect creatures
 56030 | Vaults:4 | XOM: god gift: meat ration
 56041 | Vaults:4 | XOM: potion effect (might)
 56123 | Vaults:4 | XOM: harmless Erth miscast
 56308 | Vaults:5 | XOM: enchant monster (good)
 56395 | Vaults:5 | XOM: swap weapons
 56402 | Vaults:4 | XOM: confuse monster(s)
 56408 | Vaults:4 | XOM: divination: detect creatures
 56410 | Vaults:4 | XOM: cast spell 'Stoneskin'
 56611 | Vaults:5 | XOM: harmless Erth miscast
 56667 | Vaults:5 | Got a flickering platinum amulet
 56668 | Vaults:5 | Identified the amulet "Qirifrik" {Clar Int+5} (You found it on level 5 of the Vaults)
 56702 | Vaults:5 | XOM: blink monster(s)
 56703 | Vaults:5 | XOM: harmless Necr miscast
 56738 | Vaults:5 | XOM: medium Tloc miscast
 56782 | Vaults:5 | Got a vibrating iron ring
 56783 | Vaults:5 | Identified the ring of Nohexej {SustAb rF- Str-2} (You took it off a tengu reaver on level 5 of the Vaults)
 56820 | Vaults:5 | Got a transparent turquoise ring
 56834 | Vaults:5 | Got a silver rune of Zot
 56869 | Vaults:5 | Noticed Sojobo
 56874 | Vaults:5 | XOM: noise
 56879 | Vaults:5 | Killed Sojobo
 56929 | Vaults:5 | XOM: summons friendly crimson imp
 56972 | Vaults:5 | XOM: harmless Pois miscast
 56989 | Vaults:5 | Got a pair of encrusted boots
 56990 | Vaults:5 | Identified the +1 pair of boots of the Spider Nest {rC+} (You found it on level 5 of the Vaults)
 57067 | Vaults:5 | Got a transparent golden amulet
 57068 | Vaults:5 | Identified the amulet of Irchulofo {Stasis rElec} (You took it off a tengu reaver on level 5 of the Vaults)
 57069 | Vaults:5 | Identified the ring "Rerulyedgh" {Contam rF+ rC++ MR++ SInv} (You took it off a yaktaur on level 5 of the Vaults)
 57210 | Vaults:5 | XOM: give mutations
 57210 | Vaults:5 | Gained mutation: You are somewhat resistant to further mutation. [Xom's grace]
 57210 | Vaults:5 | Gained mutation: You have large cloven feet. [Xom's grace]
 57389 | Vaults:5 | Noticed an ancient lich
 57400 | Vaults:5 | XOM: summons friendly white imp
 57402 | Vaults:5 | Reached XP level 24. HP: 177/179 MP: 23/23
 57412 | Vaults:5 | Killed an ancient lich
 57518 | Vaults:5 | XOM: medium Necr miscast
 57590 | Vaults:5 | XOM: swap monsters
 57747 | Vaults:5 | XOM: summons friendly white imp
 57826 | Vaults:5 | XOM: swap monsters
 57874 | Vaults:5 | XOM: confusion
 57881 | Vaults:5 | XOM: confuse monster(s)
 57886 | Vaults:5 | XOM: confuse monster(s)
 57940 | Vaults:5 | XOM: swap monsters
 58283 | Vaults:5 | XOM: harmless Erth miscast
 58333 | Vaults:5 | Got a faintly glowing chain mail
 58353 | Vaults:5 | Identified the +8 chain mail "Duef" {Dex+5} (You found it on level 5 of the Vaults)
 58366 | Vaults:5 | XOM: silly message
 58368 | Vaults:5 | XOM: 6-stop teleportation journey
 58498 | Vaults:5 | XOM: god gift: twisted jewelled rod {god gift}
 58899 | Depths:1 | Found Raqu's Sacrilege Store.
 58899 | Depths:1 | XOM: 6-stop teleportation journey
 58900 | Depths:1 | Found a burning altar of Makhleb.
 58945 | Depths:1 | XOM: enchant monster (bad)
 58980 | Depths:1 | XOM: cast spell 'Summon Swarm'
 59064 | Depths:1 | XOM: mild Ice miscast
 59093 | Depths:1 | XOM: summons friendly iron imp
 59099 | Depths:1 | XOM: enchant monster (bad)
 59267 | Depths:1 | Found a gateway to Hell.
 59272 | Hell     | Entered the Vestibule of Hell
 59272 | Hell     | Noticed Murray
 59272 | Hell     | Noticed Geryon
 59497 | Depths:1 | XOM: 4-stop teleportation journey
 59633 | Depths:1 | XOM: 2-stop teleportation journey
 59808 | Depths:2 | Reached skill level 21 in Shields
 59820 | Depths:2 | XOM: divine lightning (protected)
 59851 | Depths:2 | XOM: confuse monster(s)
 59935 | Depths:2 | Found a one-way gate to the infinite horrors of the Abyss.
 60013 | Depths:2 | XOM: mild Ice miscast
 60053 | Depths:2 | XOM: summons 5 hostile shadow creatures
 60133 | Depths:2 | XOM: enchant monster (bad)
 60189 | Depths:2 | XOM: polymorph deep troll -> wolf spider
 60226 | Depths:2 | Found a gateway to a ziggurat.
 60421 | Depths:2 | XOM: swap monsters
 60479 | Depths:2 | XOM: mild Ice miscast
 60515 | Depths:2 | Reached skill level 22 in Shields
 60583 | Depths:2 | Reached XP level 25. HP: 184/184 MP: 24/24
 60610 | Depths:2 | XOM: swap monsters
 60768 | Depths:2 | XOM: god gift: potion of heal wounds
 60876 | Depths:2 | XOM: mild Pois miscast
 60879 | Depths:2 | XOM: summons friendly white imp
 61138 | Depths:3 | XOM: confuse monster(s)
 61142 | Depths:3 | XOM: divination: detect creatures
 61346 | Depths:3 | XOM: god gift: royal jelly
 61467 | Depths:3 | XOM: cast spell 'Cause Fear'
 61651 | Depths:3 | XOM: vitrification
 61660 | Depths:3 | XOM: swap monsters
 61780 | Depths:3 | XOM: polymorph ogre -> mottled dragon
 61891 | Depths:3 | Noticed an ancient lich
 61909 | Depths:3 | XOM: divine lightning
 61919 | Depths:3 | Killed an ancient lich
 62116 | Depths:3 | XOM: god gift: pair of embroidered boots {god gift}
 62148 | Depths:3 | Identified a +0 pair of boots of running (Xom gifted it to you on level 3 of the Depths)
 62218 | Depths:3 | Found a one-way gate leading to the halls of Pandemonium.
 62219 | Depths:3 | Noticed Maud
 62234 | Depths:3 | Killed Maud
 62364 | Depths:4 | XOM: polymorph minotaur -> death yak
 62465 | Depths:4 | XOM: give mutations
 62465 | Depths:4 | Lost mutation: You are somewhat resistant to further mutation. [Xom's grace]
 62465 | Depths:4 | Gained mutation: You evolve. [Xom's grace]
 62465 | Depths:4 | Gained mutation: You heal very quickly. [Xom's grace]
 62465 | Depths:4 | Gained mutation: You passively map the area around you. [Xom's grace]
 62465 | Depths:4 | Gained mutation: Your muscles are strong. (Str +2) [Xom's grace]
 62669 | Depths:4 | XOM: god gift: 23 stones
 62844 | Depths:4 | XOM: fake destruction
 63137 | Depths:4 | XOM: divination: detect creatures
 63491 | Depths:5 | Entered Level 5 of the Depths
 63581 | Depths:5 | Noticed Jory
 63582 | Depths:5 | XOM: confuse monster(s)
 63592 | Depths:5 | XOM: enchant monster (good)
 63593 | Depths:5 | XOM: destruction
 63600 | Depths:5 | Found a gate to the Realm of Zot.
 63600 | Depths:5 | XOM: swap monsters
 63604 | Depths:5 | XOM: summons friendly white imp
 63608 | Depths:5 | Killed Jory
 63614 | Depths:5 | XOM: destruction
 63615 | Depths:5 | XOM: potion effect (invisibility)
 63633 | Depths:5 | Reached XP level 26. HP: 185/196 MP: 24/24
 63733 | Depths:5 | XOM: silly message
 63734 | Depths:5 | XOM: blink monster(s)
 63752 | Depths:5 | XOM: confusion
 63776 | Depths:5 | XOM: swap weapons
 63786 | Depths:5 | XOM: summons friendly iron imp
 63791 | Depths:5 | XOM: chaos upgrade
 63805 | Depths:5 | XOM: harmless Hex miscast
 64004 | Depths:5 | Noticed Margery
 64006 | Depths:5 | XOM: mild Fire miscast
 64014 | Depths:5 | Killed Margery
 64121 | Depths:5 | Lost mutation: You evolve. [end of evolution]
 64222 | Depths:5 | XOM: harmless Tloc miscast
 64270 | Depths:5 | XOM: chaos upgrade
 64280 | Depths:5 | XOM: medium Chrm miscast
 64438 | Zot:1    | Entered Level 1 of the Realm of Zot
 64521 | Zot:1    | XOM: give mutations
 64521 | Zot:1    | Lost mutation: You are partially covered in large bone plates (AC +2, SH +2). [Xom's mischief]
 64521 | Zot:1    | Lost mutation: Your mind is very acute. (Int +4) [Xom's mischief]
 64521 | Zot:1    | Lost mutation: You can translocate small distances at will. [Xom's mischief]
 64877 | Zot:1    | XOM: medium Tloc miscast
 65014 | Zot:1    | XOM: god gift: 360 gold pieces
 65407 | Zot:1    | XOM: divine lightning
 65513 | Zot:2    | XOM: potion effect (curing)
 65525 | Zot:2    | XOM: confuse monster(s)
 65528 | Zot:2    | XOM: enchant monster (good)
 65530 | Zot:2    | XOM: summons friendly crimson imp
 65641 | Zot:2    | XOM: harmless Chrm miscast
 65682 | Zot:2    | XOM: noise
 66067 | Zot:2    | XOM: enchant monster (good)
 66125 | Zot:2    | XOM: medium Chrm miscast
 66185 | Zot:2    | XOM: cast spell 'Necromutation'
 66208 | Zot:2    | XOM: polymorph titan -> iron dragon
 66224 | Zot:2    | XOM: blink monster(s)
 66343 | Zot:2    | XOM: confuse monster(s)
 66349 | Zot:2    | XOM: summons 13 hostile demons
 66353 | Zot:2    | Reached skill level 23 in Dodging
 66368 | Zot:2    | XOM: polymorph iron imp -> shadow imp
 66379 | Zot:2    | XOM: swap monsters
 66381 | Zot:2    | XOM: blink monster(s)
 66387 | Zot:2    | Reached XP level 27. HP: 122/202 MP: 25/25
 66393 | Zot:2    | XOM: summons 10 friendly demons
 66567 | Zot:2    | XOM: 2-stop teleportation journey
 66579 | Zot:2    | XOM: mild Necr miscast
 66678 | Zot:2    | XOM: polymorph electric eel -> swamp drake
 66724 | Zot:2    | XOM: mild Fire miscast
 66839 | Zot:2    | XOM: noise
 66917 | Zot:2    | XOM: blink monster(s)
 67090 | Zot:3    | XOM: noise
 67130 | Zot:3    | XOM: confusion (+ monsters)
 67145 | Zot:3    | XOM: give mutations
 67145 | Zot:3    | Lost mutation: Armour fits poorly on your strangely shaped body. [Xom's mischief]
 67145 | Zot:3    | Lost mutation: Your body is slowly deteriorating. [Xom's mischief]
 67145 | Zot:3    | Lost mutation: Your mind is acute. (Int +2) [Xom's mischief]
 67145 | Zot:3    | Lost mutation: You are robust (+10% HP). [Xom's mischief]
 67388 | Zot:3    | XOM: summons 3 hostile demons
 67587 | Zot:3    | XOM: potion effect (agility)
 67605 | Zot:3    | XOM: enchant monster (good)
 67672 | Zot:3    | Reached skill level 15 in Armour
 67729 | Zot:3    | XOM: confusion
 67786 | Zot:3    | XOM: noise
 67930 | Zot:3    | XOM: noise
 68446 | Zot:4    | XOM: noise
 68762 | Zot:4    | XOM: harmless Trmt miscast
 68811 | Zot:5    | Entered Level 5 of the Realm of Zot
 68912 | Zot:5    | XOM: 2-stop teleportation journey
 68913 | Zot:5    | Noticed an ancient lich
 68913 | Zot:5    | Noticed an orb of fire
 68916 | Zot:5    | XOM: 1-stop teleportation journey
 68927 | Zot:5    | Reached skill level 24 in Fighting
 68952 | Zot:5    | Killed an ancient lich
 68959 | Zot:5    | XOM: swap monsters
 68960 | Zot:5    | XOM: polymorph Orb Guardian -> purple draconian
 68963 | Zot:5    | XOM: summons friendly white imp
 69015 | Zot:5    | Gained mutation: You have difficulty communicating with the divine. [an orb of fire]
 69021 | Zot:5    | Lost mutation: You are agile. (Dex +2) [an orb of fire]
 69028 | Zot:5    | Gained mutation: You tend to lose your temper in combat. [an orb of fire]
 69032 | Zot:5    | Killed an orb of fire
 69172 | Zot:5    | Reached skill level 25 in Fighting
 69174 | Zot:5    | XOM: god gift: scroll of recharging
 69226 | Zot:5    | Noticed an ancient lich
 69232 | Zot:5    | XOM: potion effect (haste)
 69236 | Zot:5    | Killed an ancient lich
 69268 | Zot:5    | Upgraded the game from 0.15.0-14-g6bbbb5c to 0.15.0-18-g9076a4f
 69271 | Zot:5    | Got the Orb of Zot
 69335 | Zot:5    | XOM: fake destruction
 69344 | Zot:5    | XOM: summons friendly quasit
 69643 | Depths:3 | Reached skill level 26 in Fighting
 70009 | D:5      | Noticed Ireec the pandemonium lord
 70024 | D:4      | Noticed Plog the pandemonium lord
 70025 | D:4      | XOM: potion effect (might)
 70068 | D:$      | Escaped with the Orb!

Action                   |  1- 3 |  4- 6 |  7- 9 | 10-12 | 13-15 | 16-18 | 19-21 | 22-24 | 25-27 || total
-------------------------+-------+-------+-------+-------+-------+-------+-------+-------+-------++-------
Melee: Flail             |   115 |    23 |       |       |       |       |       |       |       ||   138
       Whip              |       |   321 |   623 |  1438 |  1827 |   309 |       |       |       ||  4518
       Unarmed           |       |       |     5 |       |       |    12 |    10 |    10 |       ||    37
       Great mace        |       |       |       |       |       |  1384 |    43 |       |       ||  1427
       Eveningstar       |       |       |       |       |       |   714 |  2329 |  1742 |  1878 ||  6663
       Short sword       |       |       |       |       |       |       |    19 |       |       ||    19
       Morningstar       |       |       |       |       |       |       |    12 |    90 |    16 ||   118
       Long sword        |       |       |       |       |       |       |       |    30 |    55 ||    85
 Abil: Breathe Fire      |       |       |     2 |       |       |       |       |       |       ||     2
       Spit Poison       |       |       |       |     1 |     1 |       |       |       |       ||     2
       Blink             |       |       |       |     1 |       |     1 |       |     2 |       ||     4
       Fly               |       |       |       |       |       |       |     1 |       |     3 ||     4
       Stop Flying       |       |       |       |       |       |       |     1 |       |     2 ||     3
Evoke: Wand              |       |       |     1 |     5 |     4 |     8 |     1 |       |     5 ||    24
       Deck              |       |       |       |       |     7 |       |       |       |       ||     7
       Fan of gales      |       |       |       |       |       |       |     1 |       |       ||     1
  Use: Scroll            |       |     4 |    17 |     8 |     2 |     8 |    15 |    19 |     9 ||    82
       Potion            |       |     1 |       |       |       |     4 |     5 |     7 |     5 ||    22
 Stab: Confused          |       |       |     3 |    18 |    15 |     9 |    12 |    14 |    19 ||    90
       Distracted        |       |       |     1 |       |     2 |     2 |    10 |     2 |     2 ||    19
       Petrified         |       |       |     1 |     5 |       |     2 |       |       |     2 ||    10
       Petrifying        |       |       |     1 |       |       |       |       |       |       ||     1
       Invisible         |       |       |       |     4 |       |     1 |     3 |     3 |    10 ||    21
       Fleeing           |       |       |       |       |       |     1 |       |       |       ||     1
       Sleeping          |       |       |       |       |       |     1 |       |       |       ||     1
       Paralysed         |       |       |       |       |       |       |     2 |     1 |     2 ||     5
  Eat: Chunk             |       |     9 |    11 |    11 |    21 |    37 |    22 |    12 |     6 ||   129
       Pizza             |       |       |     1 |       |       |       |     5 |     2 |     1 ||     9
       Royal jelly       |       |       |     1 |     1 |       |       |       |       |     2 ||     4
       Fruit             |       |       |       |     5 |     7 |     6 |     3 |       |       ||    21
       Bread ration      |       |       |       |       |     1 |     4 |       |     1 |     5 ||    11
       Beef jerky        |       |       |       |       |       |     5 |     1 |     1 |       ||     7
       Meat ration       |       |       |       |       |       |     2 |     5 |     2 |       ||     9
